 Dungeon Crawl Stone Soup version 0.30-a0-591-g3c58d2bc28 (webtiles) character file.

Game seed: 6620045774875049555

735 Newt the Trooper (level 7, -6/54 HPs)
             Began as a Demonspawn Gladiator on Jan 4, 2023.
             Killed from afar by an orc wizard (12 damage)
             ... with a puff of flame
             ... on level 5 of the Dungeon.
             The game lasted 00:04:08 (3915 turns).

Newt the Trooper (Demonspawn Gladiator)             Turns: 3915, Time: 00:04:08

Health: -6/54      AC:  4    Str: 16    XL:     7   Next: 45%
Magic:  9/11       EV: 12    Int:  9    God:
Gold:   137        SH:  0    Dex: 15    Spells: 11/12 levels left

rFire   . . .      SeeInvis .    f - +0 dagger (elec)
rCold   . . .      Faith    .    (no shield)
rNeg    . . .      Spirit   .    b - +0 leather armour
rPois   .          Reflect  .    c - +0 helmet
rElec   .          Harm     .    (no cloak)
rCorr   .          Rampage  .    (no gloves)
Will    .....      Rage     3%   (no boots)
Stlth   ++                       (no amulet)
HPRegen 0.29/turn                (no ring)
MPRegen 0.12/turn                (no ring)

@: lethally poisoned (-6 -> -7), unable to read
A: foul stench 1, sturdy frame 1, demonic magic 1, claws 1, berserk 1, sense
surroundings 1, inability to read after injury 1
a: no special abilities


You were on level 5 of the Dungeon.
You visited 1 branch of the dungeon, and saw 5 of its levels.

You collected 165 gold pieces.
You spent 28 gold pieces at shops.

Inventory:

Hand Weapons
 a - a +0 rapier
 f - a +0 dagger of electrocution (weapon)
Missiles
 d - 3 throwing nets
 e - a javelin
 k - 6 poisoned darts
Armour
 b - a +0 leather armour (worn)
 c - a +0 helmet (worn)
Wands
 p - a wand of polymorph (11)
Scrolls
 g - a scroll of blinking
 n - a scroll of fog {unknown}
 o - 4 scrolls of identify
 r - a scroll of fear {unknown}
 s - a scroll of torment {unknown}
 u - 2 scrolls of teleportation
 v - a scroll of brand weapon {unknown}
Potions
 h - 2 potions of haste {unknown}
 i - a potion of attraction {unknown}
 j - a potion of degeneration {unknown}
 l - 2 potions of cancellation {unknown}
 m - 4 potions of curing {unknown}
 q - 2 potions of heal wounds {unknown}
 t - a potion of resistance {unknown}
 w - a potion of invisibility {unknown}


   Skills:
 - Level 4.0 Fighting
 + Level 3.6 Short Blades
 - Level 1.7 Throwing
 - Level 4.0 Armour
 - Level 2.6 Dodging
 - Level 2.0 Stealth
 - Level 3.0 Spellcasting
 - Level 3.0 Necromancy


You had 11 spell levels left.
You knew the following spells:

 Your Spells              Type           Power      Damage    Failure   Level
a - Necrotise             Necr           24%        1d5       9%          1

Your spell library contained the following spells:

 Spells                   Type           Power      Damage    Failure   Level
 Vampiric Draining        Necr           6%         2d6       26%         3
 Apportation              Tloc           2%         N/A       30%         1
 Slow                     Hex            4%         N/A       30%         1
 Summon Small Mammal      Summ           4%         N/A       30%         1
 Confusing Touch          Hex            1%         N/A       67%         3


Dungeon Overview and Level Annotations

Branches:
Dungeon (5/15)
 Temple: D:4-7

Altars:

Shops:
D:4 ?


Innate Abilities, Weirdness & Mutations

You may rarely emit foul miasma when damaged in melee.
Your movements are slightly less encumbered by armour. (ER -2)
Spells you cast may paralyse adjacent enemies.
You have sharp fingernails.
You sometimes lose your temper in combat.
You passively map a small area around you.
You occasionally lose the ability to read scrolls when taking damage.


Message History

You miss something.
You feel sick. The scorpion barely misses you. Something hits you.
The orc priest hits you from afar with a +3 trident.
The scorpion stings you.
Aiming: Necrotise (safe; 9% risk of failure)
Press: ? - help, Q - select action, (/) - cycle Shift-Dir - straight line, f - scorpion
Aim: a scorpion (chance to affect: 53%)
The scorpion writhes in agony.
Malevolent energies surge around you.
The scorpion suddenly stops moving!
You feel sick. Something barely misses you.
The orc priest hits you from afar with a +3 trident!
You feel threatened and lose the ability to read scrolls!
The helpless scorpion fails to defend itself.
You puncture the scorpion!
Lightning courses through the scorpion!!
You kill the scorpion!
You feel sick. Something hits you. The orc priest barely misses you.
You feel sick.
You hear some strange, mumbled words.
Something tries to affect you, but you resist.
The orc priest invokes the aid of Beogh against you.
Beogh smites you!
* * * LOW HITPOINT WARNING * * *
You see here a scorpion corpse.
Aiming: Necrotise (safe; 9% risk of failure)
Press: ? - help, Q - select action, (/) - cycle Shift-Dir - straight line, f - orc priest
Aim: an orc priest, wielding a +3 trident (chance to affect: 53%)
The orc priest resists with significant effort.
Malevolent energies surge around you.
The orc priest suddenly stops moving!
You feel sick.
The helpless orc priest fails to defend itself.
You puncture the orc priest!
Lightning courses through the orc priest!!
You kill the orc priest!
You start resting.
You feel sick.
You hear some strange, mumbled words.
A puff of flame appears from out of thin air!
The puff of flame hits you!
You die...

.###.####....# #..#.....##
.# ##.###....### #.....#.##
## #..#.......#####..###..#
## ##................# #..#
.# ##.....###.....###..
##.., .###........##....#
#... .##
.##..............####...,,##
...............)...##..## ,
...............{@...#.##*
#...............).....#
#...................$..#
........................
........................
........................
...... ...............
...... ............... *
...... , , *


There were no monsters in sight!

Vanquished Creatures
  A water moccasin (D:5)
  An ogre (D:4)
  A centaur (D:4)
  A scorpion (D:5)
  3 orc priests
  A hound (D:4)
  2 iguanas
  3 orc wizards
  Natasha (D:3)
  A gnoll (D:1)
  3 adders
  An ufetubus (D:4)
  3 dart slugs
  14 orcs
  6 ball pythons
  5 bats
  4 endoplasms
  A giant cockroach (D:2)
  8 goblins
  7 hobgoblins
  4 quokkas
  A frilled lizard (D:1)
  6 kobolds
  5 rats
83 creatures vanquished.

Notes
Turn   | Place    | Note
-------+----------+-------------------------------------------
     0 | D:1      | Newt the Demonspawn Gladiator began the quest for the Orb.
     0 | D:1      | Reached XP level 1. HP: 16/16 MP: 1/1
   128 | D:1      | Reached skill level 1 in Stealth
   167 | D:1      | Gained mutation: Your movements are slightly less
                  | encumbered by armour. (ER -2) [demonic ancestry]
   167 | D:1      | Reached XP level 2. HP: 22/22 MP: 2/2
   464 | D:1      | Reached XP level 3. HP: 26/28 MP: 3/3
   769 | D:2      | Found a faded altar of an unknown god.
  1419 | D:3      | Gained mutation: Spells you cast may paralyse adjacent
                  | enemies. [demonic ancestry]
  1419 | D:3      | Reached XP level 4. HP: 33/37 MP: 4/4
  1572 | D:3      | Learned a level 1 spell: Necrotise
  1741 | D:3      | Noticed Natasha
  1753 | D:3      | Killed Natasha
  1754 | D:3      | Reached skill level 1 in Spellcasting
  1969 | D:4      | Noticed an ogre
  1971 | D:4      | Killed an ogre
  1972 | D:4      | Gained mutation: You may rarely emit foul miasma when
                  | damaged in melee. [demonic ancestry]
  1972 | D:4      | Reached XP level 5. HP: 42/42 MP: 6/9
  2133 | D:4      | Reached skill level 1 in Necromancy
  2215 | D:4      | Noticed a centaur
  2225 | D:4      | Killed a centaur
  2226 | D:4      | Reached XP level 6. HP: 13/48 MP: 5/10
  2650 | D:4      | Found Yhaudom's Magic Scroll Shop.
  2653 | D:4      | Bought a scroll of identify for 28 gold pieces
  2707 | D:4      | Reached skill level 1 in Armour
  2892 | D:4      | Gained mutation: You are vulnerable to heat. (rF-) [potion
                  | of mutation]
  2892 | D:4      | Gained mutation: You passively map a small area around you.
                  | [potion of mutation]
  2893 | D:4      | Lost mutation: You passively map a small area around you.
                  | [potion of mutation]
  2893 | D:4      | Lost mutation: You are vulnerable to heat. (rF-) [potion of
                  | mutation]
  2893 | D:4      | Gained mutation: You passively map a small area around you.
                  | [potion of mutation]
  2893 | D:4      | Gained mutation: You sometimes lose your temper in combat.
                  | [potion of mutation]
  2893 | D:4      | Gained mutation: You occasionally lose the ability to read
                  | scrolls when taking damage. [potion of mutation]
  2893 | D:4      | Gained mutation: You have sharp fingernails. [potion of
                  | mutation]
  3020 | D:5      | Entered Level 5 of the Dungeon
  3052 | D:5      | Noticed a water moccasin
  3062 | D:5      | Killed a water moccasin
  3063 | D:5      | Reached XP level 7. HP: 43/54 MP: 8/11
  3915 | D:5      | Killed from afar by an orc wizard

Illustrated notes

Levels and vault maps discovered:
D:1:      scummos_arrival_hexagon, layout_loops_ring, minmay_tromino_v2
D:2:      layout_rooms, shapermc_ecumenical_altar_mp_ritualfount
D:3:      layout_basic, kennysheep_minor_cross, uniq_natasha
D:4:      layout_basic, serial_shops, kennysheep_mini
D:5:      layout_layer_cave

Skill      XL: |  1  2  3  4  5  6  7 |
---------------+----------------------+-----
Stealth        | 1 2 |  2.0
Fighting       | 3 4 |  4.0
Spellcasting   | 3 |  3.0
Necromancy     | 2 3 |  3.0
Armour         | 3 4 |  4.0
Short Blades   | 3 |  3.6
Throwing       | |  1.7
Dodging        | |  2.6

Action                   |  1- 3 |  4- 6 |  7- 9 || total
-------------------------+-------+-------+-------++-------
Melee: Dagger            |    89 |   120 |    39 ||   248
       Punch             |     1 |       |       ||     1
 Cast: Necrotise         |       |     8 |     4 ||    12
  Use: Scroll            |     7 |       |       ||     7
       Potion            |       |     2 |       ||     2
 Stab: Sleeping          |     4 |     7 |     1 ||    12
       Paralysed         |       |     3 |     2 ||     5
Armor: Leather armour    |    12 |    29 |    10 ||    51
Dodge: Dodged            |    48 |    74 |    24 ||   146

Table legend: (Time is in decaauts)
 A = Elapsed time spent in this place.
 B = Non-inter-level travel time spent in this place.
 C = Inter-level travel time spent in this place.
 D = Time resting spent in this place.
 E = Time spent auto-exploring this place.
 F = Levels seen in this place.
 G = Mean time per level.
                   A        B        C        D        E       F      G
               +--------+--------+--------+--------+--------+-----+--------+
         Total |   3892 |   3780 |    112 |    315 |   2922 |   5 |  778.4 |
       Dungeon |   3892 |   3780 |    112 |    315 |   2922 |   5 |  778.4 |
               +--------+--------+--------+--------+--------+-----+--------+

Top non-repeatable levels by time:
     D:4: 1147 daAuts
     D:5: 899 daAuts
     D:1: 724 daAuts
     D:3: 693 daAuts
     D:2: 428 daAuts
